 Dungeon Crawl Stone Soup version 0.20.1-1-g8b1a95d (webtiles) character file.

77 Thjof the Covered (level 4, -2/35 HPs)
             Began as a Human Fighter on Aug 30, 2017.
             Slain by Nidhoragg's ghost (5 damage)
             ... on level 4 of the Dungeon.
             The game lasted 00:52:02 (2326 turns).

Thjof the Covered (Human Fighter)                   Turns: 2326, Time: 00:52:03

Health: -2/35      AC: 16    Str: 16    XL:     4   Next: 60%
Magic:  0/4        EV:  7    Int: 10    God:
Gold:   174        SH:  9    Dex: 12    Spells: 3/3 levels left

rFire    . . .     SeeInvis +   a - +0 flail
rCold    . . .     Gourm    .   c - +0 shield
rNeg     . . .     Faith    .   b - +0 scale mail
rPois    .         Spirit   +   B - +2 hat {SInv}
rElec    .         Reflect  .   (no cloak)
rCorr    .         Harm     .   i - +0 pair of gloves
MR       +....                  (no boots)
Stlth    ..........             s - amulet of guardian spirit
Regen    0.2/turn               r - ring of protection from magic
MPRegen  0.1/turn               O - +6 ring of protection

@: no status effects
A: no striking features
a: no special abilities


You were on level 4 of the Dungeon.
You were not hungry.

You visited 1 branch of the dungeon, and saw 4 of its levels.

You collected 174 gold pieces.

Inventory:

Hand Weapons
 a - a +0 flail (weapon)
 n - a +0 club
 p - a +0 hand axe
 v - a +0 club
 y - a +0 falchion
 G - a +0 rapier
 I - a +0 club
 J - a +0 short sword
 L - a +0 whip
 N - a +0 hand axe
 X - a +0 club
 Y - a +0 club
Missiles
 g - 60 stones (quivered)
 q - 39 sling bullets
 x - 37 arrows
 C - 13 bolts
 E - 26 poisoned needles
Armour
 b - a +0 scale mail (worn)
 c - a +0 shield (worn)
 h - a +0 scale mail
 i - a +0 pair of gloves (worn)
 k - a +0 robe
 o - a +0 leather armour
 t - a +0 leather armour
 B - a +2 hat of see invisible (worn)
 R - a +0 chain mail
 S - a +0 robe
 T - a +0 chain mail
 W - a +0 pair of gloves
Jewellery
 r - a ring of protection from magic (left hand)
 s - an amulet of guardian spirit (around neck)
 O - a +6 ring of protection (right hand)
Scrolls
 j - 2 scrolls of recharging
 l - 5 scrolls of teleportation
 m - a scroll of noise {unknown}
 z - a scroll of fear {unknown}
 A - a scroll of fog {unknown}
 F - 4 scrolls of remove curse
 K - a scroll of magic mapping
 M - 2 scrolls of amnesia {unknown}
 U - a scroll of enchant weapon {unknown}
Potions
 d - 2 potions of might
 w - a potion of curing {unknown}
 H - 2 potions of resistance {unknown}
 P - a potion of brilliance {unknown}
 Q - a potion of heal wounds {unknown}
 Z - a potion of haste {unknown}
Comestibles
 f - 4 bread rations
 u - a royal jelly
 D - 6 fruits
 V - a chunk of flesh


   Skills:
 + Level 3.4 Fighting
 + Level 2.9 Maces & Flails
 + Level 3.6 Armour
 + Level 3.5 Shields


You had 3 spell levels left.
You didn't know any spells.

Dungeon Overview and Level Annotations

Branches:
Dungeon (4/15)
 Temple: D:4-7

Altars:
Dithmenos
Gozag
Kikubaaqudgha
Makhleb
Sif Muna
Trog

Annotations:
D:4 Nidhoragg's ghost, novice KoHu


Message History

* * * LOW HITPOINT WARNING * * *
You hit Nidhoragg's ghost but do no damage.
Nidhoragg's ghost is moderately damaged.
Nidhoragg's ghost hits you but does no damage.
You hit Nidhoragg's ghost.
Nidhoragg's ghost is heavily damaged.
Nidhoragg's ghost whispers, "Soon you will have time, lots of time..."
Nidhoragg's ghost hits you but does no damage. x2
Your shield prevents you from hitting Nidhoragg's ghost.
Nidhoragg's ghost is heavily damaged.
Nidhoragg's ghost hits you but does no damage.
Your scale mail prevents you from hitting Nidhoragg's ghost.
Nidhoragg's ghost is heavily damaged.
You block Nidhoragg's ghost's attack.
You miss Nidhoragg's ghost.
Nidhoragg's ghost is heavily damaged.
Nidhoragg's ghost hits you!
* * * LOW HITPOINT WARNING * * *
Nidhoragg's ghost hits you.
You die... ############# #......<.@W.# #.#########.# .# .# .# .# .. ..

You could see Nidhoragg's ghost.

Vanquished Creatures
  An adder (D:3)
  An ooze (D:1)
  3 worms
  3 dart slugs (D:1)
  3 leopard geckos
  An orc (D:3)
  8 bats
  2 giant cockroaches
  5 goblins
  4 hobgoblins
  A quokka (D:2)
  A ball python (D:2)
  4 frilled lizards
  2 kobolds (D:2)
  8 rats
47 creatures vanquished.

Notes
Turn   | Place    | Note
-------+----------+-------------------------------------------
     0 | D:1      | Thjof the Human Fighter began the quest for the Orb.
     0 | D:1      | Reached XP level 1. HP: 18/18 MP: 1/1
   103 | D:1      | Reached XP level 2. HP: 24/24 MP: 2/2
   431 | D:1      | Reached XP level 3. HP: 28/29 MP: 3/3
   922 | D:2      | Found a shadowy altar of Dithmenos.
   928 | D:2      | Found an opulent altar of Gozag.
   932 | D:2      | Found a bloodstained altar of Trog.
   936 | D:2      | Found a burning altar of Makhleb.
  1432 | D:2      | Reached XP level 4. HP: 35/35 MP: 4/4
  1553 | D:3      | Found a deep blue altar of Sif Muna.
  1553 | D:3      | Found an ancient bone altar of Kikubaaqudgha.
  2298 | D:4      | Noticed Nidhoragg's ghost (novice KoHu)
  2326 | D:4      | Slain by Nidhoragg's ghost

Action                   |  1- 3 |  4- 6 || total
-------------------------+-------+-------++-------
Melee: Flail             |   104 |    80 ||   184
Throw: Stone             |    22 |     2 ||    24
  Use: Scroll            |     4 |     2 ||     6
       Potion            |       |     1 ||     1
  Eat: Chunk             |     1 |     3 ||     4
       Fruit             |       |     1 ||     1
Armor: Scale mail        |    42 |    39 ||    81
Dodge: Dodged            |    23 |    13 ||    36
Block: Shield            |    38 |    44 ||    82
